MID
HARTFORD YARD GOATS @ GREENSBORO GRASSHOPPERS
07/18/2044
 
TOP OF THE 1ST
Hartford Yard Goats batting - Pitching for Greensboro Grasshoppers : RHP Zack Evans
Pitching: RHP Zack Evans
Batting: SHB Eddie Quinones 0-0: SINGLE (Line Drive, 78S, EV 105.0 MPH)
Batting: SHB Bobby Santor 0-0: Ball
1-0: Called Strike
Eddie Quinones steals 2nd base
1-1: Foul Ball, location: 2F
1-2: Foul Ball, location: 2F
1-2: Ball
2-2: Ball
3-2: Ground out 4-3 (Groundball, 4, EV 110.6 MPH)
Eddie Quinones to third
Batting: LHB Jeremy Brammer 0-0: Called Strike
0-1: Ball
1-1: Ball
2-1: Called Strike
2-2: Ball
3-2: Strikes out looking
Batting: RHB Kian-tat Chen 0-0: Ball
1-0: Called Strike
1-1: Swinging Strike
1-2: Ball
2-2: Ball
3-2: Foul Ball, location: 2F
3-2: Base on Balls
Batting: RHB Justin Williams 0-0: Ball
Balk!
Eddie Quinones scores
Kian-tat Chen to second
1-0: SINGLE (Groundball, 56D, EV 99.4 MPH)
Kian-tat Chen to third
Runner from 3rd tries for Home, SAFE, throw by LF to home
Justin Williams to second
Batting: SHB Pete Perla 0-0: Called Strike
0-1: DOUBLE (Line Drive, 78D, EV 103.1 MPH)
Justin Williams scores
Batting: RHB Steve Waltenbery 0-0: Called Strike
0-1: Ball
1-1: Fly out, F9 (Flyball, 89S, EV 89.4 MPH)
Top of the 1st over - 3 runs, 3 hits, 0 errors, 1 left on base; Hartford 3 - Greensboro 0
BOTTOM OF THE 1ST
Greensboro Grasshoppers batting - Pitching for Hartford Yard Goats : RHP Clay Redman
Pitching: RHP Clay Redman
Batting: RHB Tom Thompson 0-0: DOUBLE (Flyball, 78D, EV 113.8 MPH)
Batting: RHB Torquato Obawole 0-0: Ball
1-0: Foul Ball, location: 2F
1-1: Ball
2-1: Ground out 5-3 (Groundball, 56, EV 89.4 MPH)
Batting: RHB Isaiah Brockman 0-0: Foul Ball, location: 2F
0-1: Called Strike
0-2: Ball
1-2: Strikes out swinging
Batting: RHB Jake Shelton 0-0: Called Strike
0-1: Foul Ball, location: 2F
0-2: Foul Ball, location: 2F
0-2: Ball
1-2: Ball
2-2: Ball
3-2: Fly out, F7 (Flyball, 7, EV 93.8 MPH)
Bottom of the 1st over - 0 runs, 1 hit, 0 errors, 1 left on base; Hartford 3 - Greensboro 0
TOP OF THE 2ND
Hartford Yard Goats batting - Pitching for Greensboro Grasshoppers : RHP Zack Evans
Batting: RHB Randy Breitbart 0-0: Ball
1-0: Ball
2-0: Foul Ball, location: 2F
2-1: Ground out 2-3 (Groundball, 2L, EV 71.2 MPH)
Batting: LHB Mick Knopp 0-0: Called Strike
0-1: Reached on error, E6 (Groundball, 6, EV 103.1 MPH)
Batting: SHB Eddie Quinones 0-0: Ball
1-0: Ball
2-0: Ball
Mick Knopp steals 3rd base
3-0: Called Strike
3-1: Foul Ball, location: 2F
3-2: Foul Ball, location: 2F
3-2: Base on Balls
Batting: SHB Bobby Santor 0-0: Ball
Eddie Quinones steals 2nd base
1-0: Called Strike
1-1: Ball
2-1: Reaches on Catchers interference
Batting: LHB Jeremy Brammer 0-0: Ball
1-0: Foul Ball, location: 2F
1-1: Called Strike
1-2: Strikes out looking
Batting: RHB Kian-tat Chen 0-0: Called Strike
0-1: Ball
Wild Pitch!
Mick Knopp scores
Eddie Quinones to third
Bobby Santor to second
1-1: Foul Ball, location: 2F
1-2: Strikes out swinging
Top of the 2nd over - 1 run, 0 hits, 2 errors, 2 left on base; Hartford 4 - Greensboro 0
BOTTOM OF THE 2ND
Greensboro Grasshoppers batting - Pitching for Hartford Yard Goats : RHP Clay Redman
Batting: RHB Boof Howell 0-0: Ball
1-0: Fly out, F7 (Line Drive, 7, EV 95.0 MPH)
Batting: RHB Masumitsu Sugiura 0-0: Called Strike
0-1: Foul Ball, location: 2F
0-2: Strikes out looking
Batting: RHB Bob Raine 0-0: Ball
1-0: Foul Ball, location: 2F
1-1: Called Strike
1-2: Ball
2-2: Ball
3-2: Base on Balls
Batting: RHB Chris Riddick 0-0: Ball
1-0: Called Strike
1-1: Swinging Strike
1-2: Foul Ball, location: 2F
1-2: Strikes out swinging
Bottom of the 2nd over - 0 runs, 0 hits, 0 errors, 1 left on base; Hartford 4 - Greensboro 0
TOP OF THE 3RD
Hartford Yard Goats batting - Pitching for Greensboro Grasshoppers : RHP Zack Evans
Batting: RHB Justin Williams 0-0: Ball
1-0: Called Strike
1-1: Ball
2-1: Foul Ball, location: 2F
2-2: DOUBLE (Line Drive, 78D, EV 113.1 MPH)
Batting: SHB Pete Perla 0-0: Called Strike
0-1: Called Strike
0-2: Ball
1-2: Foul Ball, location: 2F
1-2: Ground out U3 (Groundball, 3, EV 104.4 MPH)
Justin Williams to third
Batting: RHB Steve Waltenbery 0-0: Called Strike
0-1: Ball
1-1: Fly out, F7 (Flyball, 78D, EV 100.0 MPH)
Runner from 3rd tags up, SCORES, throw by LF
Batting: RHB Randy Breitbart 0-0: Called Strike
0-1: Ball
1-1: Called Strike
1-2: Ball
2-2: Foul Ball, location: 2F
2-2: Foul Ball, location: 2F
2-2: Ball
3-2: Foul Ball, location: 2F
3-2: SINGLE (Line Drive, 7S, EV 96.2 MPH)
Batting: LHB Mick Knopp 0-0: Fly out, F9 (Flyball, 9LM, EV 86.2 MPH)
Top of the 3rd over - 1 run, 2 hits, 0 errors, 1 left on base; Hartford 5 - Greensboro 0
BOTTOM OF THE 3RD
Greensboro Grasshoppers batting - Pitching for Hartford Yard Goats : RHP Clay Redman
Batting: LHB Juan Zuniga 0-0: Foul Ball, location: 2F
0-1: Fly out, F7 (Flyball, 78D, EV 101.2 MPH)
Batting: RHB Tom Thompson 0-0: Foul Ball, location: 2F
0-1: Ball
1-1: Ball
2-1: Ball
3-1: Ground out 6-3 (Groundball, 56, EV 78.8 MPH)
Batting: RHB Torquato Obawole 0-0: Foul Ball, location: 2F
0-1: Called Strike
0-2: Ball
1-2: Foul Ball, location: 2F
1-2: Strikes out swinging
Bottom of the 3rd over - 0 runs, 0 hits, 0 errors, 0 left on base; Hartford 5 - Greensboro 0
TOP OF THE 4TH
Hartford Yard Goats batting - Pitching for Greensboro Grasshoppers : RHP Zack Evans
Batting: SHB Eddie Quinones 0-0: Ball
1-0: Ball
2-0: Ball
3-0: Called Strike
3-1: Base on Balls
Pitching: RHP Marco Quezada
Batting: SHB Bobby Santor 0-0: Ball
1-0: Foul Ball, location: 2F
1-1: Ball
2-1: Grounds into double play, 4-6-3 (Groundball, 4, EV 102.5 MPH)
Batting: LHB Jeremy Brammer 0-0: Called Strike
0-1: Fly out, F7 (Flyball, 78M, EV 91.2 MPH)
Top of the 4th over - 0 runs, 0 hits, 0 errors, 0 left on base; Hartford 5 - Greensboro 0
BOTTOM OF THE 4TH
Greensboro Grasshoppers batting - Pitching for Hartford Yard Goats : RHP Clay Redman
Batting: RHB Isaiah Brockman 0-0: Foul Ball, location: 2F
0-1: Ball
1-1: Ground out 4-3 (Groundball, 4, EV 87.5 MPH)
Batting: RHB Jake Shelton 0-0: Ball
1-0: Foul Ball, location: 2F
1-1: Ball
2-1: Ball
3-1: Foul Ball, location: 2F
3-2: Base on Balls
Batting: RHB Boof Howell 0-0: Foul Ball, location: 2F
0-1: Foul Ball, location: 2F
0-2: Ball
1-2: SINGLE (Line Drive, 6M, EV 110.6 MPH)
Jake Shelton to second
Batting: RHB Masumitsu Sugiura 0-0: Swinging Strike
0-1: Ball
1-1: Foul Ball, location: 2F
1-2: Ball
2-2: Ball
3-2: Strikes out swinging
Batting: RHB Bob Raine 0-0: Ball
1-0: Called Strike
1-1: SINGLE (Groundball, 34S, EV 86.2 MPH) (infield hit)
Jake Shelton to third
Boof Howell to second
Batting: RHB Chris Riddick 0-0: Ball
1-0: Foul Ball, location: 2F
1-1: Ball
2-1: Foul Ball, location: 2F
2-2: Foul Ball, location: 2F
2-2: Foul Ball, location: 2F
2-2: Foul Ball, location: 2F
2-2: Ball
3-2: Strikes out looking
Bottom of the 4th over - 0 runs, 2 hits, 0 errors, 3 left on base; Hartford 5 - Greensboro 0
TOP OF THE 5TH
Hartford Yard Goats batting - Pitching for Greensboro Grasshoppers : RHP Marco Quezada
Batting: RHB Kian-tat Chen 0-0: Called Strike
0-1: Foul Ball, location: 2F
0-2: Foul Ball, location: 2F
0-2: Ball
1-2: SINGLE (Groundball, 6MS, EV 68.8 MPH) (infield hit)
Batting: RHB Justin Williams 0-0: Called Strike
0-1: Ball
1-1: Ball
2-1: Called Strike
2-2: Ball
3-2: Fly out, F8 (Flyball, 89D, EV 95.6 MPH)
Runner from 1st tags up, SAFE at 2nd
Batting: SHB Pete Perla 0-0: Called Strike
0-1: Swinging Strike
0-2: SINGLE (Groundball, 5D, EV 106.2 MPH)
Kian-tat Chen to third
Runner from 3rd tries for Home, SAFE, throw by LF to home
Pete Perla to second
Batting: RHB Steve Waltenbery 0-0: Foul Ball, location: 2F
0-1: Ball
1-1: Fly out, F7 (Flyball, 7D, EV 96.2 MPH)
Batting: RHB Randy Breitbart 0-0: Ball
1-0: Ball
2-0: Foul Ball, location: 2F
2-1: SINGLE (Groundball, 15S, EV 61.9 MPH) (infield hit)
Pete Perla to third
Batting: LHB Mick Knopp 0-0: Foul Ball, location: 2F
0-1: Fly out, F8 (Flyball, 8RD, EV 86.2 MPH)
Top of the 5th over - 1 run, 3 hits, 0 errors, 2 left on base; Hartford 6 - Greensboro 0
BOTTOM OF THE 5TH
Greensboro Grasshoppers batting - Pitching for Hartford Yard Goats : RHP Clay Redman
Batting: LHB Juan Zuniga 0-0: Called Strike
0-1: Fly out, F8 (Flyball, 8LM, EV 79.4 MPH)
Batting: RHB Tom Thompson 0-0: Ball
1-0: Fly out, F7 (Flyball, 7, EV 86.9 MPH)
Batting: RHB Torquato Obawole 0-0: Ball
1-0: Ball
2-0: Called Strike
2-1: Swinging Strike
2-2: Strikes out swinging
Bottom of the 5th over - 0 runs, 0 hits, 0 errors, 0 left on base; Hartford 6 - Greensboro 0
TOP OF THE 6TH
Hartford Yard Goats batting - Pitching for Greensboro Grasshoppers : RHP Marco Quezada
Batting: SHB Eddie Quinones 0-0: Ball
1-0: Ball
2-0: Foul Ball, location: 2F
2-1: Foul Ball, location: 2F
2-2: Foul Ball, location: 2F
2-2: SOLO HOME RUN (Flyball, 9D, EV 99.4 MPH), Distance : 386 ft
Batting: SHB Bobby Santor 0-0: Ball
1-0: Ball
2-0: Called Strike
2-1: SINGLE (Groundball, 4D, EV 103.1 MPH)
Pitching: LHP Nick Gore
Batting: LHB Jeremy Brammer 0-0: Called Strike
0-1: Ball
1-1: Foul Ball, location: 2F
1-2: Strikes out swinging
Batting: RHB Kian-tat Chen 0-0: Called Strike
0-1: Grounds into double play, 6-4-3 (Groundball, 6, EV 101.2 MPH)
Top of the 6th over - 1 run, 2 hits, 0 errors, 0 left on base; Hartford 7 - Greensboro 0
BOTTOM OF THE 6TH
Greensboro Grasshoppers batting - Pitching for Hartford Yard Goats : RHP Clay Redman
Batting: RHB Isaiah Brockman 0-0: Ball
1-0: Swinging Strike
1-1: DOUBLE (Line Drive, 89M, EV 102.5 MPH)
Pitching: LHP Su-wu Pi
Batting: RHB Jake Shelton 0-0: Ball
1-0: TRIPLE (Flyball, 89XD, EV 106.2 MPH)
Isaiah Brockman scores
Batting: RHB Boof Howell 0-0: Ball
1-0: Ball
2-0: Called Strike
2-1: Ball
3-1: Foul Ball, location: 2F
3-2: Base on Balls
Batting: RHB Masumitsu Sugiura 0-0: Fly out, F7 (Line Drive, 7, EV 97.5 MPH)
Batting: RHB Bob Raine 0-0: Foul Ball, location: 2F
0-1: Swinging Strike
0-2: Strikes out swinging
Batting: RHB Chris Riddick 0-0: Called Strike
0-1: Called Strike
0-2: Foul Ball, location: 2F
0-2: Strikes out swinging
Bottom of the 6th over - 1 run, 2 hits, 0 errors, 2 left on base; Hartford 7 - Greensboro 1
TOP OF THE 7TH
Hartford Yard Goats batting - Pitching for Greensboro Grasshoppers : LHP Nick Gore
Batting: RHB Justin Williams 0-0: Called Strike
0-1: Fly out, F8 (Flyball, 8LXD, EV 90.0 MPH)
Batting: SHB Pete Perla 0-0: Ball
1-0: Ball
2-0: Fly out, F6 (Popup, 56, EV 60.0 MPH)
Batting: RHB Steve Waltenbery 0-0: Foul Ball, location: 2F
0-1: Swinging Strike
0-2: Ball
1-2: Ball
2-2: Foul Ball, location: 2F
2-2: Foul Ball, location: 2F
2-2: Strikes out looking
Top of the 7th over - 0 runs, 0 hits, 0 errors, 0 left on base; Hartford 7 - Greensboro 1
BOTTOM OF THE 7TH
Greensboro Grasshoppers batting - Pitching for Hartford Yard Goats : LHP Su-wu Pi
Batting: LHB Juan Zuniga 0-0: Foul Ball, location: 2F
0-1: Foul Ball, location: 2F
0-2: Strikes out swinging
Batting: RHB Tom Thompson 0-0: Ball
1-0: Foul Ball, location: 2F
1-1: Ball
2-1: Ball
3-1: Base on Balls
Pitching: RHP Joe Goodale
Batting: RHB Torquato Obawole 0-0: Ball
Tom Thompson steals 2nd base
1-0: Called Strike
1-1: Foul Ball, location: 2F
1-2: Hit by Pitch
Batting: RHB Isaiah Brockman 0-0: Foul Ball, location: 2F
0-1: Fly out, F8 (Flyball, 8LD, EV 91.9 MPH)
Batting: RHB Jake Shelton 0-0: Ball
1-0: Foul Ball, location: 2F
1-1: Ball
2-1: 3-RUN HOME RUN (Flyball, 89XD, EV 104.4 MPH), Distance : 443 ft
Batting: RHB Boof Howell 0-0: Called Strike
0-1: Swinging Strike
0-2: Strikes out looking
Bottom of the 7th over - 3 runs, 1 hit, 0 errors, 0 left on base; Hartford 7 - Greensboro 4
TOP OF THE 8TH
Hartford Yard Goats batting - Pitching for Greensboro Grasshoppers : LHP Nick Gore
Pitching: LHP Matt Payne
Batting: RHB Randy Breitbart 0-0: Ground out U3 (Groundball, 3, EV 84.4 MPH)
Batting: LHB Mick Knopp 0-0: Called Strike
0-1: Ball
1-1: Ground out 6-3 (Groundball, 6, EV 109.4 MPH)
Batting: SHB Eddie Quinones 0-0: Ball
1-0: Ball
2-0: Ball
3-0: Called Strike
3-1: Foul Ball, location: 2F
3-2: Foul Ball, location: 2F
3-2: SINGLE (Groundball, 34D, EV 103.8 MPH)
Batting: SHB Bobby Santor 0-0: Ball
1-0: Ball
Eddie Quinones steals 2nd base
2-0: Foul Ball, location: 2F
2-1: Called Strike
2-2: Ground out 6-3 (Groundball, 6D, EV 80.6 MPH)
Top of the 8th over - 0 runs, 1 hit, 0 errors, 1 left on base; Hartford 7 - Greensboro 4
BOTTOM OF THE 8TH
Greensboro Grasshoppers batting - Pitching for Hartford Yard Goats : RHP Joe Goodale
Pitching: RHP Travis Porter
Now at 1B: Brian Levensailor
Batting: RHB Masumitsu Sugiura 0-0: Ball
1-0: Called Strike
1-1: Ball
2-1: Fly out, F8 (Flyball, 8RS, EV 86.9 MPH)
Batting: RHB Bob Raine 0-0: Ball
1-0: Ground out 5-3 (Groundball, 5L, EV 101.2 MPH)
Batting: RHB Chris Riddick 0-0: Ball
1-0: Foul Ball, location: 2F
1-1: Ball
2-1: Ground out 5-3 (Groundball, 56S, EV 64.4 MPH)
Bottom of the 8th over - 0 runs, 0 hits, 0 errors, 0 left on base; Hartford 7 - Greensboro 4
TOP OF THE 9TH
Hartford Yard Goats batting - Pitching for Greensboro Grasshoppers : LHP Matt Payne
Pitching: RHP Tamirat Abboud
Batting: LHB Jeremy Brammer 0-0: Ball
1-0: Ball
2-0: Ball
3-0: Called Strike
3-1: Ground out 5-3 (Groundball, 5, EV 96.9 MPH)
Batting: RHB Kian-tat Chen 0-0: Ball
1-0: Ball
2-0: Ground out 6-3 (Groundball, 56, EV 103.1 MPH)
Batting: RHB Justin Williams 0-0: Swinging Strike
0-1: Foul Ball, location: 2F
0-2: Ball
1-2: Ground out 4-3 (Groundball, 34D, EV 86.2 MPH)
Top of the 9th over - 0 runs, 0 hits, 0 errors, 0 left on base; Hartford 7 - Greensboro 4
BOTTOM OF THE 9TH
Greensboro Grasshoppers batting - Pitching for Hartford Yard Goats : RHP Travis Porter
Pitching: LHP Greg Burngooch
Pinch Hitting: RHB Wei-guo Tsu 0-0: Fly out, F6 (Flyball, 6D, EV 95.6 MPH)
Batting: RHB Tom Thompson 0-0: Foul Ball, location: 2F
0-1: Ball
1-1: Ground out 5-3 (Groundball, 56, EV 110.0 MPH)
Batting: RHB Torquato Obawole 0-0: Foul Ball, location: 2F
0-1: Swinging Strike
0-2: Strikes out looking
Bottom of the 9th over - 0 runs, 0 hits, 0 errors, 0 left on base; Hartford 7 - Greensboro 4
Thursday, March 31st , 2022 - OOTP Baseball 22.12 Build 89